 Dungeon Crawl Stone Soup version 0.21-a0-210-gbfa5647 (webtiles) character file.

846 Ijustatesigmund the Chopper (level 7, -2/64 HPs)
             Began as a Minotaur Fighter on Aug 21, 2017.
             Was an Initiate of Cheibriados.
             Slain by a gnoll (3 damage)
             ... on level 6 of the Dungeon.
             The game lasted 00:10:14 (4547 turns).

Ijustatesigmund the Chopper (Minotaur Fighter)      Turns: 4547, Time: 00:10:15

Health: -2/64      AC:  8    Str: 22    XL:     7   Next: 68%
Magic:  6/6        EV:  9    Int:  6    God:    Cheibriados [......]
Gold:   248        SH: 11    Dex: 12    Spells: 6/6 levels left

rFire    . . .     SeeInvis .   o - +1 hand axe (freeze)
rCold    . . .     Gourm    .   c - +1 shield
rNeg     . . .     Faith    .   b - +0 scale mail
rPois    .         Spirit   .   (helmet restricted)
rElec    .         Reflect  .   (no cloak)
rCorr    .         Harm     .   (no gloves)
MR       .....                  k - +0 pair of boots
Stlth    ..........             (no amulet)
HPRegen  0.20/turn              s - ring of loudness (curse)
MPRegen  0.10/turn              (no ring)

@: lethally poisoned (-2 -> -21), very slightly contaminated, invisible, very
slow
A: retaliatory headbutt, horns 2
a: Bend Time, Renounce Religion


You were on level 6 of the Dungeon.
You worshipped Cheibriados.
Cheibriados was noncommittal.
You were not hungry.

You visited 2 branches of the dungeon, and saw 7 of its levels.

You collected 248 gold pieces.

Inventory:

Hand Weapons
 a - a +0 war axe
 o - a +1 hand axe of freezing (weapon)
Armour
 b - a +0 scale mail (worn)
 c - a +1 shield (worn)
 k - a +0 pair of boots (worn)
Jewellery
 s - a cursed ring of loudness (left hand)
Wands
 q - a wand of digging (13/24)
Scrolls
 e - a scroll of amnesia
 h - a scroll of magic mapping
 j - 3 scrolls of identify
 m - 2 scrolls of fog
 p - 2 scrolls of teleportation
 r - 2 scrolls of noise
Potions
 d - 2 potions of might
 g - 2 potions of brilliance
 l - a potion of agility
 t - 2 potions of degeneration {unknown}
Comestibles
 f - 2 bread rations
 i - a meat ration


   Skills:
 + Level 6.5 Fighting
 + Level 7.5 Axes
 - Level 4.6 Armour
 - Level 2.4 Dodging
 - Level 4.6 Shields
 + Level 1.0 Invocations


You had 6 spell levels left.
You didn't know any spells.

Dungeon Overview and Level Annotations

Branches:
Dungeon (6/15)             Temple (1/1) D:5

Altars:
Ashenzari
Cheibriados
Fedhas
Gozag
Hepliaklqana
Makhleb
Nemelex Xobeh
Okawaru
Qazlal
Trog
Vehumet
Wu Jian
Xom
Yredelemnul
Zin
The Shining One


Innate Abilities, Weirdness & Mutations

You reflexively headbutt those who attack you in melee.
You have a pair of horns on your head.


Message History

You struggle against the net.
The gnoll hits you.
The gnoll sergeant hits you from afar with a spear of venom!
You are poisoned.
You rip the net and break free!
You feel sick.
The gnoll hits you from afar with a halberd.
* * * LOW HITPOINT WARNING * * *
You block the gnoll's attack. x2
The gnoll sergeant hits you from afar with a spear of venom!
* * * LOW HITPOINT WARNING * * *
You are more poisoned.
Okay, then.
You fade into invisibility!
* * * LOW HITPOINT WARNING * * *
You feel very sick. You block the gnoll's attack.
The gnoll hits you but does no damage. x2
The gnoll closely misses you. You block the gnoll sergeant's attack.
You are very lightly contaminated with residual magic.
* * * LOW HITPOINT WARNING * * *
You feel sick. The gnoll hits you.
You die...

*,,,,,,....,.....****,,,,,,,,,,,
*,,,,,,.....<....*,,,**,,,,,,,,,
*,**,,,.....#...**,,,,*******,,,
*,**,,,.....#.g.**,,,,,,,,*****,
*,**,,,.....g..#**,....,,,,,,,,,
*,**,,,......gg# *).....,,,,,,,,
*,****,.....ggg# *.....#*,,,,,,,
*,****,......gg###..?...,,,,,,,,
*,,,,*,........@........,,,,,,,,
****,*,#................,,,,,,,,
***,*,#................,,,,,,,,
*,,,*,##...............*,,,,,,,
*,***,.........<.....#*****>,,,
*,****##.............# ****,,,,
*,,,,,.........(.....#**,,,,,,,
*******,......##.........+,,,,,,,
*,,,,,*,......*#........#*,,,,,,,


You could see a gnoll sergeant and 8 gnolls.

Vanquished Creatures
  A phantom (D:5)
  An ogre (D:5)
  A scorpion (D:5)
  A howler monkey (D:4)
  2 crimson imps (D:5)
  5 orc priests
  An orc wizard (D:4)
  Jessica (D:3)
  4 worker ants (D:4)
  8 gnolls
  2 adders
  2 oozes
  5 worms
  2 dart slugs (D:1)
  6 leopard geckos
  13 orcs
  5 bats
  2 giant cockroaches (D:1)
  11 goblins
  5 hobgoblins
  11 jackals
  A ball python (D:3)
  4 frilled lizards
  A jackal zombie (D:5)
  7 kobolds
  9 rats
111 creatures vanquished.

Notes
Turn   | Place    | Note
-------+----------+-------------------------------------------
     0 | D:1      | Ijustatesigmund the Minotaur Fighter began the quest for the Orb.
     0 | D:1      | Reached XP level 1. HP: 19/19 MP: 0/0
    43 | D:1      | Reached skill level 3 in Axes
    97 | D:1      | Reached XP level 2. HP: 27/27 MP: 1/1
   420 | D:1      | Reached XP level 3. HP: 30/33 MP: 2/2
   501 | D:1      | Reached skill level 4 in Axes
  1417 | D:2      | Reached XP level 4. HP: 40/41 MP: 3/3
  1648 | D:3      | Noticed Jessica
  1660 | D:3      | Killed Jessica
  1776 | D:3      | Reached skill level 5 in Axes
  2059 | D:4      | Reached XP level 5. HP: 45/47 MP: 4/4
  2098 | D:3      | Reached skill level 5 in Fighting
  2293 | D:4      | Reached skill level 6 in Axes
  2544 | D:4      | Reached XP level 6. HP: 29/56 MP: 5/5
  3068 | D:3      | Found a shattered altar of Ashenzari.
  3621 | D:4      | Reached skill level 1 in Dodging
  3811 | D:4      | Reached skill level 7 in Axes
  3915 | D:5      | Entered Level 5 of the Dungeon
  3948 | D:5      | Reached XP level 7. HP: 51/62 MP: 6/6
  4091 | D:5      | Found a staircase to the Ecumenical Temple.
  4134 | Temple   | Entered the Ecumenical Temple
  4168 | Temple   | Became a worshipper of Cheibriados the Contemplative
  4473 | D:5      | Reached skill level 1 in Invocations
  4546 | D:6      | HP: 3/64 [poisoned by a gnoll sergeant]
  4547 | D:6      | HP: 1/64 [poisoned by a gnoll sergeant]
  4547 | D:6      | Slain by a gnoll

Vault maps used:
D:1:      dpeg_arrival_refuge
D:2:      first_bread, kennysheep_pointless_box, lightli_corner_chamber
D:3:      nicolae_ashenzari_panopticon, uniq_jessica
D:5:      minmay_temple_entry_grid, kennysheep_generic_room_11
D:6:      nicolae_dithmenos_through_a_glass_darkly, led_sif_book, serial_shops,
          shop_coins, enter_ossuary_2, trog_three_pillars_becter
Temple:   eino_temple_scatter_basement

Skill      XL: |  1  2  3  4  5  6  7 |
---------------+----------------------+-----
Axes           | 3 4 5 6 7 |  7.5
Fighting       | 4 5 6 |  6.5
Dodging        | 1 2 |  2.4
Armour         | 4 |  4.6
Shields        | 4 |  4.6
Invocations    | 1 |  1.0

Action                   |  1- 3 |  4- 6 |  7- 9 || total
-------------------------+-------+-------+-------++-------
Melee: War axe           |    95 |   119 |       ||   214
       Headbutt          |    10 |    21 |     7 ||    38
       Hand axe          |       |    21 |    34 ||    55
  Use: Scroll            |     5 |     8 |     2 ||    15
       Potion            |       |     4 |     1 ||     5
  Eat: Chunk             |     2 |     8 |       ||    10
       Bread ration      |       |       |     1 ||     1
Armor: Scale mail        |    38 |    41 |     9 ||    88
Dodge: Dodged            |    31 |    33 |     7 ||    71
Block: Shield            |    50 |    79 |    16 ||   145

Table legend:
 A = Spawn XP
 B = Non-spawn XP
 C = Spawn XP percentage of total XP
 D = Spawn monster count
 E = Non-spawn monster count
 F = Spawn count percentage of total count
 G = Total turns spent on level
                    A         B        C        D         E        F      G
               +---------+---------+-------+---------+---------+-------+---------
         Total |     110 |    1099 |   9.1 |      12 |      99 |  10.8 |  4547
               +---------+---------+-------+---------+---------+-------+---------
           D:1 |      10 |      53 |  15.9 |       5 |      27 |  15.6 |   912
           D:2 |       1 |      35 |   2.8 |       1 |      12 |   7.7 |   656
           D:3 |       3 |     181 |   1.6 |       1 |      26 |   3.7 |  1100
           D:4 |      96 |     266 |  26.5 |       5 |      19 |  20.8 |  1247
           D:5 |       0 |     564 |   0.0 |       0 |      15 |   0.0 |   453
               +---------+---------+-------+---------+---------+-------+---------
